3A
NIAGARA FALLS EXPOS @ KENNESAW JETS
07/03/2020
 
TOP OF THE 1ST
Niagara Falls Expos batting - Pitching for Kennesaw Jets : RHP Dominic Parker
Pitching: RHP Dominic Parker
Batting: RHB Keith Fish 0-0: Called Strike
0-1: Foul Ball, location: 2F
0-2: Ball
1-2: Foul Ball, location: 2F
1-2: Ball
2-2: Strikes out swinging
Batting: RHB Fred Meyer 0-0: Called Strike
0-1: Ball
1-1: Called Strike
1-2: Strikes out looking
Batting: RHB Brent Ryan 0-0: Ball
1-0: Foul Ball, location: 2F
1-1: Called Strike
1-2: Strikes out looking
Top of the 1st over - 0 run(s), 0 hit(s), 0 error(s), 0 left on base; Niagara Falls 0 - Kennesaw 0
BOTTOM OF THE 1ST
Kennesaw Jets batting - Pitching for Niagara Falls Expos : RHP Rafael Rodríguez
Pitching: RHP Rafael Rodríguez
Batting: RHB Raúl Guerrero 0-0: Called Strike
0-1: Called Strike
0-2: Ball
1-2: Strikes out looking
Batting: RHB Jorge Rivera 0-0: Ball
1-0: Called Strike
1-1: Ball
2-1: Foul Ball, location: 2F
2-2: SINGLE (Flyball, 89S)
Batting: RHB Brandon McCullough 0-0: Swinging Strike
0-1: Called Strike
0-2: 2-RUN HOME RUN (Flyball, 7D), Distance : 369 ft
Batting: RHB José Ramos 0-0: Ball
1-0: Ground out 5-3 (Groundball, 5)
Batting: RHB Andrés Sánchez 0-0: Called Strike
0-1: DOUBLE (Groundball, 3L)
Batting: RHB Miguel Angel González 0-0: Called Strike
0-1: Called Strike
0-2: Ground out 4-3 (Groundball, 4M)
Bottom of the 1st over - 2 run(s), 3 hit(s), 0 error(s), 1 left on base; Niagara Falls 0 - Kennesaw 2
TOP OF THE 2ND
Niagara Falls Expos batting - Pitching for Kennesaw Jets : RHP Dominic Parker
Batting: RHB Tony Martínez 0-0: Ground out 6-3 (Groundball, 6)
Batting: SHB Janghyun Sam 0-0: Fly out, F6 (Popup, 4M)
Batting: RHB Carl Bryant 0-0: Called Strike
0-1: Ball
1-1: Foul Ball, location: 2F
1-2: Strikes out looking
Top of the 2nd over - 0 run(s), 0 hit(s), 0 error(s), 0 left on base; Niagara Falls 0 - Kennesaw 2
BOTTOM OF THE 2ND
Kennesaw Jets batting - Pitching for Niagara Falls Expos : RHP Rafael Rodríguez
Batting: RHB Raúl Javier Jr. 0-0: Called Strike
0-1: Foul Ball, location: 2F
0-2: Ball
1-2: Reached on error, E5 (Groundball, 56)
Batting: RHB Carlos Ávila 0-0: DOUBLE (Groundball, 5L)
Raúl Javier Jr. scores
Batting: LHB Jim Unknown 0-0: Ball
1-0: Called Strike
1-1: Foul Ball, location: 2F
1-2: Ground out 6-3 (Groundball, 6)
Batting: RHB Raúl Guerrero 0-0: Ground out 5-3 (Groundball, 56)
Batting: RHB Jorge Rivera 0-0: Swinging Strike
0-1: SINGLE (Line Drive, 6MD)
Carlos Ávila to third
Runner from 3rd tries for Home, SAFE, no throw or cutoff
Batting: RHB Brandon McCullough 0-0: Ball
1-0: Ball
2-0: Ball
3-0: Base on Balls
Jorge Rivera to second
Batting: RHB José Ramos 0-0: Called Strike
Jorge Rivera steals 3rd base
Brandon McCullough to second
0-1: Ground out 6-3 (Groundball, 6M)
Bottom of the 2nd over - 2 run(s), 2 hit(s), 1 error(s), 2 left on base; Niagara Falls 0 - Kennesaw 4
TOP OF THE 3RD
Niagara Falls Expos batting - Pitching for Kennesaw Jets : RHP Dominic Parker
Batting: RHB Sean MacKnight 0-0: Swinging Strike
0-1: Swinging Strike
0-2: Strikes out swinging
Batting: RHB Bennett Bates 0-0: SINGLE (Groundball, 4M)
Batting: LHB Rob Wilson 0-0: Ball
1-0: Ball
2-0: Fly out, F7 (Flyball, 78M)
Batting: RHB Keith Fish 0-0: Foul Ball, location: 2F
0-1: Swinging Strike
0-2: Foul Ball, location: 2F
0-2: Strikes out swinging
Top of the 3rd over - 0 run(s), 1 hit(s), 0 error(s), 1 left on base; Niagara Falls 0 - Kennesaw 4
BOTTOM OF THE 3RD
Kennesaw Jets batting - Pitching for Niagara Falls Expos : RHP Rafael Rodríguez
Batting: RHB Andrés Sánchez 0-0: Fly out, F9 (Flyball, 9LS)
Batting: RHB Miguel Angel González 0-0: Called Strike
0-1: Foul Ball, location: 2F
0-2: Strikes out swinging
Batting: RHB Raúl Javier Jr. 0-0: Called Strike
0-1: Called Strike
0-2: Fly out, F9 (Line Drive, 9M)
Bottom of the 3rd over - 0 run(s), 0 hit(s), 0 error(s), 0 left on base; Niagara Falls 0 - Kennesaw 4
TOP OF THE 4TH
Niagara Falls Expos batting - Pitching for Kennesaw Jets : RHP Dominic Parker
Batting: RHB Fred Meyer 0-0: Ball
1-0: Swinging Strike
1-1: Foul Ball, location: 2F
1-2: Ball
2-2: Ball
3-2: Strikes out swinging
Batting: RHB Brent Ryan 0-0: Called Strike
0-1: Swinging Strike
0-2: Ball
1-2: Strikes out swinging
Batting: RHB Tony Martínez 0-0: Foul Ball, location: 2F
0-1: Ball
1-1: Fly out, F2 (Popup, 23F)
Top of the 4th over - 0 run(s), 0 hit(s), 0 error(s), 0 left on base; Niagara Falls 0 - Kennesaw 4
BOTTOM OF THE 4TH
Kennesaw Jets batting - Pitching for Niagara Falls Expos : RHP Rafael Rodríguez
Batting: RHB Carlos Ávila 0-0: SINGLE (Groundball, 56D)
Batting: LHB Jim Unknown 0-0: Ball
1-0: Foul Ball, location: 2F
1-1: Called Strike
1-2: Ball
2-2: SINGLE (Groundball, 3D)
Carlos Ávila to second
Runner from 2nd tries for 3rd, SAFE, throw made to third
Jim Unknown to second
Batting: RHB Raúl Guerrero 0-0: Fly out, F5 (Popup, 5SF)
Batting: RHB Jorge Rivera 0-0: Ground out 5-3 (Groundball, 5)
Batting: RHB Brandon McCullough 0-0: Called Strike
0-1: Called Strike
0-2: Ball
1-2: Foul Ball, location: 2F
1-2: Strikes out swinging
Bottom of the 4th over - 0 run(s), 2 hit(s), 0 error(s), 2 left on base; Niagara Falls 0 - Kennesaw 4
TOP OF THE 5TH
Niagara Falls Expos batting - Pitching for Kennesaw Jets : RHP Dominic Parker
Batting: SHB Janghyun Sam 0-0: Ball
1-0: SINGLE (Line Drive, 6MD)
Batting: RHB Carl Bryant 0-0: Ball
1-0: Ball
2-0: Called Strike
2-1: Ball
3-1: Called Strike
3-2: Foul Ball, location: 2F
3-2: Strikes out swinging
Batting: RHB Sean MacKnight 0-0: Called Strike
0-1: DOUBLE (Line Drive, 8LM)
Janghyun Sam to third
Batting: RHB Bennett Bates 0-0: Called Strike
0-1: Ball
1-1: 3-RUN HOME RUN (Flyball, 7D), Distance : 384 ft
Batting: LHB Rob Wilson 0-0: Called Strike
0-1: Ball
1-1: SINGLE (Line Drive, 7LM)
Batting: RHB Keith Fish 0-0: Swinging Strike
0-1: Called Strike
0-2: Strikes out swinging
Batting: RHB Fred Meyer 0-0: Swinging Strike
0-1: Ball
1-1: Foul Ball, location: 2F
1-2: Ball
2-2: Ball
3-2: Fly out, F9 (Flyball, 89D)
Top of the 5th over - 3 run(s), 4 hit(s), 0 error(s), 1 left on base; Niagara Falls 3 - Kennesaw 4
BOTTOM OF THE 5TH
Kennesaw Jets batting - Pitching for Niagara Falls Expos : RHP Rafael Rodríguez
Batting: RHB José Ramos 0-0: Called Strike
0-1: Fly out, F6 (Popup, 6)
Batting: RHB Andrés Sánchez 0-0: SINGLE (Groundball, 5S)
Batting: RHB Miguel Angel González 0-0: Fly out, F8 (Line Drive, 8RM)
Batting: RHB Raúl Javier Jr. 0-0: Called Strike
0-1: SINGLE (Groundball, 34D)
Andrés Sánchez to second
Runner from 2nd tries for 3rd, SAFE, throw made to third
Batting: RHB Carlos Ávila 0-0: Ball
1-0: Called Strike
1-1: Foul Ball, location: 2F
1-2: Foul Ball, location: 2F
1-2: Ball
2-2: Strikes out looking
Bottom of the 5th over - 0 run(s), 2 hit(s), 0 error(s), 2 left on base; Niagara Falls 3 - Kennesaw 4
TOP OF THE 6TH
Niagara Falls Expos batting - Pitching for Kennesaw Jets : RHP Dominic Parker
Batting: RHB Brent Ryan 0-0: Called Strike
0-1: Ball
1-1: Called Strike
1-2: Ball
2-2: Ball
3-2: Foul Ball, location: 2F
3-2: Strikes out swinging
Batting: RHB Tony Martínez 0-0: Foul Ball, location: 2F
0-1: Called Strike
0-2: Foul Ball, location: 2F
0-2: Ball
1-2: Strikes out swinging
Batting: SHB Janghyun Sam 0-0: Called Strike
0-1: Called Strike
0-2: Ball
1-2: Strikes out swinging
Top of the 6th over - 0 run(s), 0 hit(s), 0 error(s), 0 left on base; Niagara Falls 3 - Kennesaw 4
BOTTOM OF THE 6TH
Kennesaw Jets batting - Pitching for Niagara Falls Expos : RHP Rafael Rodríguez
Batting: LHB Jim Unknown 0-0: Ball
1-0: Ball
2-0: SINGLE (Groundball, 3L)
Batting: RHB Raúl Guerrero 0-0: Bunt missed!
0-1: Ball
1-1: Ball
2-1: Sac Bunt - play at first, batter OUT! 1-4
Jim Unknown to second
Batting: RHB Jorge Rivera 0-0: Called Strike
0-1: Ball
1-1: Swinging Strike
1-2: Ball
2-2: Ball
3-2: Strikes out swinging
Batting: RHB Brandon McCullough 0-0: Called Strike
0-1: Ball
1-1: Ball
2-1: Swinging Strike
2-2: Ball
3-2: Strikes out swinging
Bottom of the 6th over - 0 run(s), 1 hit(s), 0 error(s), 1 left on base; Niagara Falls 3 - Kennesaw 4
TOP OF THE 7TH
Niagara Falls Expos batting - Pitching for Kennesaw Jets : RHP Dominic Parker
Batting: RHB Carl Bryant 0-0: Ball
1-0: Foul Ball, location: 2F
1-1: Foul Ball, location: 2F
1-2: Fly out, F2 (Popup, 2RF)
Batting: RHB Sean MacKnight 0-0: Ball
1-0: Ball
2-0: Ball
3-0: Called Strike
3-1: SINGLE (Flyball, 78M)
Pinch Hitting: SHB Javier Zumaya 0-0: Ball
1-0: Called Strike
1-1: Foul Ball, location: 2F
1-2: Ball
2-2: Strikes out swinging
Batting: LHB Rob Wilson 0-0: Ball
Sean MacKnight steals 2nd base
1-0: Foul Ball, location: 2F
1-1: Fly out, F7 (Flyball, 7M)
Top of the 7th over - 0 run(s), 1 hit(s), 0 error(s), 1 left on base; Niagara Falls 3 - Kennesaw 4
BOTTOM OF THE 7TH
Kennesaw Jets batting - Pitching for Niagara Falls Expos : RHP Rafael Rodríguez
Now at 3B: Mariano Ramírez
Batting: RHB José Ramos 0-0: Fly out, F1 (Line Drive, 13)
Batting: RHB Andrés Sánchez 0-0: Ground out 6-3 (Groundball, 56)
Batting: RHB Miguel Angel González 0-0: Called Strike
0-1: Ball
1-1: SINGLE (Groundball, 56D)
Batting: RHB Raúl Javier Jr. 0-0: Called Strike
0-1: Ball
1-1: Ball
Miguel Angel González steals 2nd base
2-1: SINGLE (Groundball, 34)
Miguel Angel González to third
Runner from 3rd tries for Home, SAFE, no throw or cutoff
Batting: RHB Carlos Ávila 0-0: Ball
1-0: Ball
2-0: Called Strike
2-1: Fly out, F8 (Flyball, 8RM)
Bottom of the 7th over - 1 run(s), 2 hit(s), 0 error(s), 1 left on base; Niagara Falls 3 - Kennesaw 5
TOP OF THE 8TH
Niagara Falls Expos batting - Pitching for Kennesaw Jets : RHP Dominic Parker
Batting: RHB Keith Fish 0-0: Ball
1-0: Foul Ball, location: 2F
1-1: Foul Ball, location: 2F
1-2: Ball
2-2: Ball
3-2: Strikes out looking
Batting: RHB Fred Meyer 0-0: Ball
1-0: Ball
2-0: Ball
3-0: Called Strike
3-1: Foul Ball, location: 2F
3-2: Foul Ball, location: 2F
3-2: Strikes out swinging
Batting: RHB Brent Ryan 0-0: Ball
1-0: Ground out 6-3 (Groundball, 6)
Top of the 8th over - 0 run(s), 0 hit(s), 0 error(s), 0 left on base; Niagara Falls 3 - Kennesaw 5
BOTTOM OF THE 8TH
Kennesaw Jets batting - Pitching for Niagara Falls Expos : RHP Rafael Rodríguez
Batting: LHB Jim Unknown 0-0: Ball
1-0: Foul Ball, location: 2F
1-1: Foul Ball, location: 2F
1-2: Ball
2-2: Ball
3-2: SINGLE (Groundball, 5D)
Pitching: LHP Norberto Quintana
Batting: RHB Raúl Guerrero 0-0: Sac Bunt - play at second, runner OUT! 3-6
Batting: RHB Jorge Rivera 0-0: Ball
1-0: Fly out, F4 (Popup, 3D)
Batting: RHB Brandon McCullough 0-0: Called Strike
0-1: Ball
1-1: Ball
Raúl Guerrero steals 2nd base
2-1: Called Strike
2-2: Hit by Pitch
Batting: RHB José Ramos 0-0: Called Strike
0-1: Ball
1-1: Foul Ball, location: 2F
1-2: Foul Ball, location: 2F
1-2: Foul Ball, location: 2F
1-2: Foul Ball, location: 2F
1-2: Ball
2-2: Foul Ball, location: 2F
2-2: Ground out 6-3 (Groundball, 6)
Bottom of the 8th over - 0 run(s), 1 hit(s), 0 error(s), 2 left on base; Niagara Falls 3 - Kennesaw 5
TOP OF THE 9TH
Niagara Falls Expos batting - Pitching for Kennesaw Jets : RHP Dominic Parker
Batting: RHB Tony Martínez 0-0: Foul Ball, location: 2F
0-1: Swinging Strike
0-2: Foul Ball, location: 2F
0-2: Ball
1-2: Ball
2-2: Strikes out swinging
Batting: SHB Janghyun Sam 0-0: Called Strike
0-1: Called Strike
0-2: Strikes out looking
Batting: RHB Carl Bryant 0-0: Ball
1-0: Ground out 4-3 (Groundball, 4)
Top of the 9th over - 0 run(s), 0 hit(s), 0 error(s), 0 left on base; Niagara Falls 3 - Kennesaw 5
This league is powered by Out of the Park Baseball, the baseball management simulation game for PC, Mac and Linux
Friday, October 23rd, 2015 - OOTP Baseball 16.9 Build 39